 Dungeon Crawl Stone Soup version 0.19.1 (console) character file.

109699 Kloppie the Fencer (level 16, -13/131 HPs)
             Began as a Demonspawn Berserker on Dec 11, 2016.
             Was the Champion of Trog.
             Hit by a large rock thrown by a stone giant (40 damage)
             ... on level 2 of the Orcish Mines.
             The game lasted 00:47:26 (26911 turns).

Kloppie the Fencer (Demonspawn Berserker)          Turns: 26911, Time: 00:47:27

Health: -13/131    AC: 16    Str: 20    XL:     16   Next: 5%
Magic:  16/16      EV: 18    Int: 10    God:    Trog [******]
Gold:   2058       SH:  0    Dex: 25    Spells: 0 memorised, 15 levels left

rFire  . . .     SeeInvis +     a - +2 great sword (protect)
rCold  + + +     Gourm    .     e - +2 ring mail of Courage {rElec SInv}
rNeg   . . .     Faith    .     (shield currently unavailable)
rPois  +         Spirit   .     d - +2 hat of Baldness {+Inv}
rElec  +         Reflect  .     s - +2 cloak {rC+}
rCorr  .         Harm     .     g - +0 pair of gloves {Dex+3}
MR     +++++                    (boots unavailable)
Stlth  ++........               (no amulet)
                                q - ring of Tommiqea {rPois rC+ Str+2 SInv}
                                r - ring of protection from magic

@: about to teleport, regenerating
A: talons 3, thin skeletal structure 2, cold resistance 1, icemail, magic
resistance 1, powered by death 2, shaggy fur 1, freezing cloud immunity
a: Berserk, Trog's Hand, Brothers in Arms, Burn Spellbooks, Renounce Religion,
Evoke Invisibility


You were on level 2 of the Orcish Mines.
You worshipped Trog.
Trog was exalted by your worship.
You were hungry.

You visited 3 branches of the dungeon, and saw 23 of its levels.
You also visited: Ice Cave.

You collected 2788 gold pieces.
You spent 730 gold pieces at shops.

Inventory:

Hand Weapons
 a - a +2 great sword of protection (weapon)
 b - a +0 scimitar of flaming
 U - a +6 antimagic great sword
Armour
 d - the +2 hat of Baldness (worn) {+Inv}
   (You found it in an ice cave)

   It lets you turn invisible.
 e - the +2 ring mail of Courage (worn) {rElec SInv}
   (You found it on level 5 of the Dungeon)

   It insulates you from electricity.
   It lets you see invisible.
 g - a +0 pair of gloves of dexterity (worn)
 s - a +2 cloak of cold resistance (worn)
 K - a +2 chain mail of magic resistance
Jewellery
 q - the ring of Tommiqea (right hand) {rPois rC+ Str+2 SInv}
   (You took it off an orc wizard on level 8 of the Dungeon)

   [ring of see invisible]

   It affects your strength (+2).
   It protects you from cold.
   It protects you from poison.
   It lets you see invisible.
 r - a ring of protection from magic (left hand)
 M - an uncursed ring of flight
 Q - the amulet "Omocing" {RegenMP +Fly rN++ MR- Int+4}
   (You found it in an ice cave)

   [amulet of magic regeneration]

   It increases your magic regeneration.
   It affects your intelligence (+4).
   It greatly protects you from negative energy.
   It affects your resistance to hostile enchantments.
   It lets you fly.
 V - an uncursed amulet of faith
Wands
 n - a wand of teleportation (5/9)
 u - a wand of disintegration (9/24)
 D - a wand of digging (9/24)
 H - a wand of teleportation (6/9)
 J - a wand of disintegration (16/24)
Scrolls
 f - 5 scrolls of remove curse
 m - 4 scrolls of enchant armour
 o - 2 scrolls of blinking
 t - 3 scrolls of fog
 w - 6 scrolls of magic mapping
 x - 2 scrolls of recharging
 G - 6 scrolls of enchant weapon
 N - 2 scrolls of fear
 O - 3 scrolls of teleportation
 P - a scroll of brand weapon
Potions
 h - 2 potions of magic
 i - 6 potions of haste
 j - 2 potions of might
 k - 8 potions of curing
 E - a potion of cancellation
 I - 2 potions of invisibility
 R - a potion of brilliance
 W - a potion of agility
Books
 T - a book of Flames

   Spells                             Type                      Level
   a - Flame Tongue                   Conjuration/Fire             1
   b - Throw Flame                    Conjuration/Fire             2
   c - Conjure Flame                  Conjuration/Fire             3
   d - Inner Flame                    Hexes/Fire                   3
   e - Sticky Flame                   Conjuration/Fire             4
   f - Fireball                       Conjuration/Fire             5
   Trog disapproves of the use of such an item.
Comestibles
 c - 12 bread rations
 p - 22 fruits
 z - 10 meat rations
 A - 2 slices of pizza
 C - 4 royal jellies
 F - 2 beef jerkies
 L - 10 chunks of flesh


   Skills:
 - Level 13.2 Fighting
 - Level 20.2 Long Blades
 + Level 7.8 Armour
 + Level 7.4 Dodging


You had 15 spell levels left.
You didn't know any spells.

Dungeon Overview and Level Annotations

Branches:
Dungeon (15/15)            Temple (0/1) D:6            Lair (6/6) D:8
  Swamp (0/4) Lair:2       Spider (0/4) Lair:3        Slime (0/5) Lair:5
    Orc (2/2) D:12         Vaults (0/5) D:14         Depths (0/5) D:15
    Elf: Orc:2

Altars:
Elyvilon
Ru
Trog
Uskayaw
Xom
Yredelemnul

Shops:
D:7 [[   D:8 [   D:10 %   D:14 !   Orc:2 *(

Annotations:
Lair:1 exclusion: oklob plant


Innate Abilities, Weirdness & Mutations

You have claws for feet.
You have a moderately thin skeletal structure. (Dex +4, Stealth+)
Your flesh is cold resistant. (rC+)
A meltable icy envelope protects you from harm. (AC +0)
You regenerate health from kills.
You are immune to freezing clouds.
You are resistant to hostile enchantments. (MR+)
You are covered in fur. (AC +1)


Message History

Found 13 gold pieces. 2 orcs, an orc warrior and a stone giant come into view.
An orc comes into view.
Your skin crawls.
You feel resistant to hostile enchantments.
You are feeling hungry.
The orc shouts!
The stone giant shouts!
The stone giant throws a large rock.
The large rock hits you!!
* * * LOW HITPOINT WARNING * * *
The stone giant throws a large rock.
The large rock hits you!!
* * * LOW HITPOINT WARNING * * *
You see here a large rock.
You feel much better.
Evoke which item? (* to show all) (? for menu, Esc to quit)
Zapping:
n - a wand of teleportation (6/9)
Press: ? - help, Shift-Dir - straight line, f - you You feel strangely unstable.
This wand has 5 charges left.
The stone giant throws a large rock.
The large rock hits you!!!
You die...

###...
####.#.....
##.#.$......
#..@#.......
##o#........
#(##......
###.....#..
#...o...#
#.....C.#.#...
#.............
#..............
#.......o......


You could see a stone giant and an orc.

Vanquished Creatures
  Rupert (Lair:4)
  Kirke (Lair:5)
  An orc warlord (Orc:1)
  A reaper (IceCv)
  A stone giant (Orc:2)
  Azrael (D:12)
  A yaktaur captain (D:15)
  3 vault guards (D:14)
  Harold (D:11)
  A catoblepas (Lair:6)
  4 centaur warriors
  4 hydras
  An ogre mage (D:13)
  A queen ant (Lair:3)
  3 tengu warriors
  Urug (D:11)
  2 orc high priests (Orc:2)
  Nergalle (D:12)
  4 unseen horrors
  5 skeletal warriors
  A lindwurm (Lair:5)
  9 hill giants
  A wizard (D:14)
  2 manticores
  An oklob plant (Lair:4)
  A wolf spider (D:15)
  An orc knight (D:15)
  3 necromancers (D:14)
  12 ugly things
  2 deep elf magi (D:15)
  3 cyclopes
  Maurice (D:11)
  4 black mambas
  11 elephants
  3 centaur zombies
  2 ice statues (IceCv)
  2 gargoyles
  13 spiny frogs
  6 yaktaurs (D:15)
  8 rime drakes
  An efreet (D:14)
  8 komodo dragons
  2 freezing wraiths (D:15)
  8 ice devils (IceCv)
  2 meliai (D:15)
  3 two-headed ogres
  4 trolls
  6 polar bears
  A wolf spider simulacrum (D:15)
  The ghost of stonage the Slasher, an amateur DsCK of Xom (D:4)
  3 hornets (Lair:6)
  20 blink frogs
  5 hippogriffs
  4 dream sheep (Lair:4)
  17 flying skulls (D:12)
  A centaur simulacrum (D:15)
  3 shadows
  3 redbacks
  3 wraiths
  14 spriggans (Lair:6)
  A vampire (D:15)
  4 wyverns
  3 basilisks
  Sigmund (D:2)
  A fire elemental (D:12)
  49 yaks
  A steam dragon (Lair:4)
  3 hungry ghosts
  17 humans (D:14)
  3 mottled dragons
  4 wargs
  5 hell hounds (D:12)
  2 soldier ants (Lair:3)
  2 water moccasins
  15 porcupines
  A swamp drake (Lair:2)
  3 sky beasts
  17 orc warriors
  4 black bears
  4 ice beasts
  3 necrophages
  3 phantoms
  23 wolves
  14 ogres
  3 boggarts (Lair:6)
  20 centaurs
  5 crocodiles
  A big kobold (D:14)
  A gnoll sergeant (D:11)
  20 bullfrogs
  7 scorpions
  A water moccasin skeleton (D:8)
  51 killer bees
  5 wights (D:14)
  4 electric eels
  2 howler monkeys
  13 crimson imps
  3 quasits
  13 hounds
  10 jellies
  A gnoll shaman (D:5)
  5 centaur skeletons
  11 orc priests
  Crazy Yiuf (D:3)
  2 bullfrog skeletons
  23 orc wizards
  6 iguanas
  Ijyb (D:3)
  31 worker ants
  Natasha (thrice) (D:2)
  A killer bee zombie (D:9)
  2 hound skeletons
  A worker ant zombie (D:6)
  15 gnolls
  11 adders
  9 shadow imps
  10 white imps (IceCv)
  4 ufetubi (IceCv)
  6 oozes
  An adder skeleton (D:9)
  An adder zombie (D:6)
  A worm (D:3)
  3 leopard geckos
  63 orcs
  4 giant cockroaches
  7 goblins
  8 hobgoblins
  10 jackals
  15 kobolds
  5 quokkas
  3 bats
  8 frilled lizards
  A giant cockroach zombie (D:6)
  3 quokka skeletons
  6 rats
857 creatures vanquished.

Vanquished Creatures (others)
  A blink frog (Lair:5)
  2 humans (Lair:5)
  A water moccasin (Lair:5)
  4 white imps (IceCv)
  2 ufetubi (IceCv)
  A quokka (D:3)
  A goblin (D:3)
  19 fungi
  11 plants
42 creatures vanquished.

Grand Total: 899 creatures vanquished

Notes
Turn   | Place    | Note
-------+----------+-------------------------------------------
     0 | D:1      | Kloppie the Demonspawn Berserker began the quest for the Orb.
     0 | D:1      | Reached XP level 1. HP: 18/18 MP: 1/1
    58 | D:1      | Reached skill level 3 in Long Blades
   384 | D:1      | Gained mutation: Your flesh is cold resistant. (rC+) [demonic ancestry]
   384 | D:1      | Reached XP level 2. HP: 24/24 MP: 2/2
   562 | D:1      | Reached ** piety under Trog
   720 | D:2      | Reached XP level 3. HP: 29/29 MP: 3/3
   789 | D:2      | Reached skill level 4 in Long Blades
   987 | D:2      | Found a faded altar of an unknown god.
  1024 | D:2      | Gained mutation: You have sharp toenails. [demonic ancestry]
  1024 | D:2      | Reached XP level 4. HP: 28/35 MP: 4/4
  1306 | D:2      | Noticed Natasha
  1315 | D:2      | Killed Natasha
  1574 | D:2      | Noticed Sigmund
  1596 | D:2      | Killed Sigmund
  1596 | D:2      | Reached skill level 6 in Long Blades
  1596 | D:2      | Reached XP level 5. HP: 15/41 MP: 5/5
  1844 | D:2      | Noticed Natasha
  1854 | D:2      | Killed Natasha
  1854 | D:2      | Gained mutation: You regenerate a little health from kills. [demonic ancestry]
  1854 | D:2      | Reached XP level 6. HP: 24/47 MP: 6/6
  1929 | D:2      | Noticed Natasha
  1936 | D:2      | Killed Natasha
  2121 | D:3      | Noticed Ijyb
  2140 | D:3      | Killed Ijyb
  2262 | D:3      | Reached *** piety under Trog
  2371 | D:3      | Found a white marble altar of Elyvilon.
  2457 | D:3      | Found a runed door.
  2535 | D:3      | Noticed Crazy Yiuf
  2540 | D:3      | Killed Crazy Yiuf
  2747 | D:4      | Reached skill level 7 in Long Blades
  2933 | D:4      | Noticed stonage's ghost (amateur DsCK)
  2957 | D:4      | Killed stonage's ghost
  2957 | D:4      | Reached XP level 7. HP: 20/52 MP: 7/7
  3215 | D:4      | Reached skill level 8 in Long Blades
  3886 | D:4      | Gained mutation: You have razor-sharp toenails. [potion of mutation]
  3886 | D:4      | Gained mutation: Your mind is acute. (Int +2) [potion of mutation]
  3886 | D:4      | Lost mutation: Your mind is acute. (Int +2) [potion of mutation]
  3912 | D:5      | Entered Level 5 of the Dungeon
  3923 | D:5      | Got a smelly ring mail
  3934 | D:5      | Identified the +2 ring mail of Courage {rElec SInv} (You found it on level 5 of the Dungeon)
  4013 | D:5      | Reached XP level 8. HP: 58/58 MP: 8/8
  4073 | D:5      | Found a shimmering altar of Xom.
  4073 | D:5      | Found a hide-covered altar of Uskayaw.
  4177 | D:5      | Found a shimmering altar of Xom.
  4311 | D:5      | Reached **** piety under Trog
  4338 | D:5      | Reached skill level 5 in Armour
  5337 | D:6      | Found a staircase to the Ecumenical Temple.
  5437 | D:6      | Reached skill level 5 in Fighting
  5773 | D:6      | Gained mutation: You are immune to freezing clouds. [demonic ancestry]
  5773 | D:6      | Reached XP level 9. HP: 64/68 MP: 9/9
  5851 | D:7      | Found Affu's Armour Shop.
  5862 | D:7      | Bought a +2 cloak of poison resistance for 240 gold pieces
  6081 | D:7      | Reached skill level 9 in Long Blades
  6194 | D:7      | Found Fiw Cou's Armour Emporium.
  6774 | D:8      | Noticed an elephant
  7118 | D:8      | Reached ***** piety under Trog
  7120 | D:8      | Reached skill level 10 in Long Blades
  7248 | D:8      | Found a staircase to the Lair.
  7296 | D:8      | Killed an elephant
  7375 | D:8      | Found Pidd's Antique Armour Shoppe.
  7393 | D:8      | Noticed a purple ugly thing
  7395 | D:8      | Gained mutation: You have claws for feet. [demonic ancestry]
  7395 | D:8      | Reached XP level 10. HP: 72/77 MP: 10/10
  7430 | D:8      | Killed a purple ugly thing
  7430 | D:8      | Reached skill level 11 in Long Blades
  7712 | D:8      | Got a clouded marble ring
  7935 | D:8      | Found a basalt altar of Yredelemnul.
  8377 | D:8      | Gained mutation: You are resistant to hostile enchantments. (MR+) [potion of beneficial mutation]
  8765 | D:9      | Reached skill level 12 in Long Blades
  8965 | D:9      | Received a gift from Trog
  9428 | D:10     | Entered Level 10 of the Dungeon
  9540 | D:10     | Found Laeghij's Food Shoppe.
  9588 | D:10     | Reached skill level 13 in Long Blades
  9681 | D:10     | Noticed a gargoyle
  9694 | D:10     | Killed a gargoyle
  9754 | D:10     | Noticed a hill giant
  9766 | D:10     | Killed a hill giant
  9766 | D:10     | Reached XP level 11. HP: 82/82 MP: 11/11
 10724 | Lair:1   | Entered Level 1 of the Lair of Beasts
 10853 | Lair:1   | Noticed an oklob plant
 11131 | Lair:1   | Reached skill level 14 in Long Blades
 11861 | Lair:1   | Identified a scroll of acquirement
 11983 | Lair:2   | Found a staircase to the Swamp.
 13340 | Lair:2   | Gained mutation: You regenerate health from kills. [demonic ancestry]
 13340 | Lair:2   | Reached XP level 12. HP: 95/95 MP: 12/12
 13817 | Lair:2   | Identified the ring of Tommiqea {rPois rC+ Str+2 SInv} (You took it off an orc wizard on level 8 of the Dungeon)
 13999 | Lair:3   | Found a hole to the Spider Nest.
 14492 | Lair:3   | Noticed a queen ant
 14503 | Lair:3   | Killed a queen ant
 14503 | Lair:3   | Reached skill level 5 in Dodging
 14533 | Lair:3   | Received a gift from Trog
 15182 | Lair:4   | Reached skill level 15 in Long Blades
 15468 | Lair:4   | Noticed Rupert
 15493 | Lair:4   | Killed Rupert
 15781 | Lair:4   | Noticed a four-headed hydra
 15798 | Lair:4   | Killed a four-headed hydra
 15932 | Lair:4   | Reached skill level 16 in Long Blades
 16370 | Lair:4   | Reached XP level 13. HP: 98/101 MP: 13/13
 16554 | Lair:5   | Noticed Kirke
 16566 | Lair:5   | Killed Kirke
 16748 | Lair:5   | Reached ****** piety under Trog
 16769 | Lair:5   | Found a staircase to the Slime Pits.
 17109 | Lair:5   | Reached skill level 17 in Long Blades
 17219 | Lair:5   | Received a gift from Trog
 18079 | D:11     | Noticed Maurice
 18085 | D:11     | Killed Maurice
 18282 | D:11     | Noticed Urug
 18293 | D:11     | Received a gift from Trog
 18302 | D:11     | Killed Urug
 18562 | D:11     | Noticed Harold
 18576 | D:11     | Killed Harold
 18902 | D:11     | Reached skill level 18 in Long Blades
 19075 | D:12     | Noticed Nergalle
 19090 | D:12     | Killed Nergalle
 19271 | D:12     | Found a staircase to the Orcish Mines.
 19398 | D:12     | Gained mutation: You have a somewhat thin skeletal structure. (Dex +2, Stealth) [demonic ancestry]
 19398 | D:12     | Reached XP level 14. HP: 90/108 MP: 14/14
 19705 | D:12     | Noticed Azrael
 19716 | D:12     | Killed Azrael
 19904 | D:12     | Received a gift from Trog
 19912 | Orc:1    | Entered Level 1 of the Orcish Mines
 19924 | Orc:1    | Noticed an orc warlord
 19947 | Orc:1    | Killed an orc warlord
 20157 | Orc:1    | Reached skill level 19 in Long Blades
 20223 | Orc:1    | Found a bloodstained altar of Trog.
 20723 | Lair:6   | Entered Level 6 of the Lair of Beasts
 20753 | Lair:6   | Got a slimy chain mail
 20766 | Lair:6   | Found a frozen archway.
 20791 | IceCv    | Entered an ice cave
 20803 | IceCv    | Identified the cursed +1 chain mail "Rifouv" {rF- Regen+ MP+9 Stlth+} (You found it on level 6 of the Lair of Beasts)
 20824 | IceCv    | Received a gift from Trog
 20932 | IceCv    | Got a smoking hat
 20944 | IceCv    | Identified the +2 hat of Baldness {+Inv} (You found it in an ice cave)
 21311 | IceCv    | Noticed a reaper
 21326 | IceCv    | Killed a reaper
 21339 | IceCv    | Got a twitching zirconium amulet
 21348 | IceCv    | Got a crystal demon whip
 21460 | Lair:6   | Identified the amulet "Omocing" {RegenMP +Fly rN++ MR- Int+4} (You found it in an ice cave)
 21684 | Lair:6   | Got a brightly glowing long sword
 22059 | Lair:6   | Received a gift from Trog
 22360 | Lair:6   | Reached skill level 20 in Long Blades
 23069 | Lair:6   | Identified the +3 long sword of Abomination {antimagic, Str+5 Dex+3} (You found it on level 6 of the Lair of Beasts)
 23423 | D:13     | Gained mutation: A meltable icy envelope protects you from harm. (AC +0) [demonic ancestry]
 23423 | D:13     | Reached XP level 15. HP: 83/115 MP: 15/15
 23458 | D:13     | Reached skill level 10 in Fighting
 24098 | D:14     | Found Ishri's Distillery.
 24193 | D:14     | Bought a potion of beneficial mutation for 490 gold pieces
 24193 | D:14     | Gained mutation: You are covered in fur. (AC +1) [potion of beneficial mutation]
 24245 | D:14     | HP: 8/178 [cyan ugly thing (5)]
 24817 | D:14     | Received a gift from Trog
 24919 | D:14     | Found a sacrificial altar of Ru.
 25104 | D:14     | Found a gate to the Vaults.
 25405 | D:14     | Got a faintly glowing leather armour
 25406 | D:14     | Identified the +2 leather armour of the Beggar {rN+ Int+2 Dex+4 Slay-4} (You found it on level 14 of the Dungeon)
 25505 | D:15     | Entered Level 15 of the Dungeon
 26072 | D:15     | Received a gift from Trog
 26073 | D:15     | Got a smoking great sword {god gift}
 26125 | D:15     | Identified the +5 great sword "Yluqai" {elec, *Corrode MR+ Dex+3} (Trog gifted it to you on level 15 of the Dungeon)
 26439 | D:15     | Found a staircase to the Depths.
 26614 | D:15     | Got a faintly glowing granite ring
 26619 | D:15     | Identified the ring "Hojiciup" {rC+ Stlth-} (You found it on level 15 of the Dungeon)
 26751 | Orc:2    | Entered Level 2 of the Orcish Mines
 26751 | Orc:2    | Found Kuah's Antique Weapon Emporium.
 26762 | Orc:2    | Gained mutation: You have a moderately thin skeletal structure. (Dex +4, Stealth+) [demonic ancestry]
 26762 | Orc:2    | Reached XP level 16. HP: 96/131 MP: 16/16
 26881 | Orc:2    | Found Replipenyrph's General Store.
 26906 | Orc:2    | HP: 3/131 [stone giant/large rock (19)]
 26911 | Orc:2    | Hit by a large rock thrown by a stone giant

Skill      XL: |  1  2  3  4  5  6  7  8  9 10 11 12 13 14 15 |
---------------+----------------------------------------------+-----
Long Blades    | 3 4 6 7 8 10 13 14 16 18 20 | 20.2
Armour         | 3 6 7 |  7.8
Fighting       | 5 6 9 13 | 13.2
Dodging        | 2 5 7 |  7.4

Action                   |  1- 3 |  4- 6 |  7- 9 | 10-12 | 13-15 | 16-18 || total
-------------------------+-------+-------+-------+-------+-------+-------++-------
Melee: Falchion          |    91 |   169 |   614 |   176 |       |       ||  1050
       Kick              |       |    62 |   241 |   447 |   861 |    29 ||  1640
       Long sword        |       |       |       |   705 |       |       ||   705
       Great sword       |       |       |       |   155 |  1610 |    42 ||  1807
       Short sword       |       |       |       |    11 |       |       ||    11
       Scimitar          |       |       |       |       |    10 |       ||    10
Invok: Berserk           |     3 |     4 |    11 |    20 |    21 |       ||    59
       Trog's Hand       |       |       |       |     4 |     3 |     1 ||     8
Evoke: Wand              |       |       |     1 |     1 |     1 |     2 ||     5
  Use: Potion            |       |       |     6 |     9 |     1 |     1 ||    17
       Scroll            |       |       |     9 |    14 |    16 |       ||    39
 Stab: Sleeping          |     1 |       |       |       |     4 |       ||     5
       Confused          |       |       |       |     1 |       |       ||     1
       Distracted        |       |       |       |       |     1 |       ||     1
  Eat: Chunk             |     3 |     6 |    20 |    39 |    52 |       ||   120
       Fruit             |       |     1 |       |     2 |       |       ||     3
       Bread ration      |       |     1 |       |       |       |       ||     1
       Beef jerky        |       |     1 |       |       |       |       ||     1
       Royal jelly       |       |       |     1 |     5 |     3 |       ||     9
       Pizza             |       |       |       |     1 |       |       ||     1
Armor: Chain mail        |    52 |   106 |    48 |       |       |       ||   206
       Animal skin       |     4 |       |       |       |       |       ||     4
       Ring mail         |       |       |   212 |   394 |   749 |    13 ||  1368
Dodge: Dodged            |    43 |    68 |   332 |   589 |  1105 |    26 ||  2163
       Rpst.: Falchion   |    12 |    22 |    96 |    20 |       |       ||   150
       Long sword        |       |       |       |   100 |       |       ||   100
       Great sword       |       |       |       |    56 |   271 |     3 ||   330
       Scimitar          |       |       |       |       |     1 |       ||     1
